 Dungeon Crawl Stone Soup version 0.26-a0-540-g8a0c9464d7 (webtiles) character file.

Game seed: 1263318999762502096

20690 kae the Protected (level 12, -8/72 HPs)
             Began as a Gargoyle Earth Elementalist on Aug 20, 2020.
             Was a High Priest of the Shining One.
             Mangled by a death yak (11 damage)
             ... on level 2 of the Lair of Beasts.
             The game lasted 00:12:55 (12358 turns).

kae the Protected (Gargoyle Earth Elementalist)    Turns: 12358, Time: 00:12:56

Health: -8/72      AC: 16    Str: 12    XL:     12   Next: 82%
Magic:  9/26       EV: 12    Int: 21    God:    the Shining One [*****.]
Gold:   687        SH:  0    Dex: 10    Spells: 20/31 levels left

rFire    . . .     SeeInvis .   k - +2 whip (elec)
rCold    . . .     Faith    .   (no shield)
rNeg     + + +     Spirit   .   c - +0 robe
rPois    ∞         Reflect  .   d - +0 helmet (curse)
rElec    +         Harm     .   (no cloak)
rCorr    +                      a - +1 pair of gloves
MR       +....                  (no boots)
Stlth    +.........             j - amulet of magic regeneration
HPRegen  0.22/turn              z - ring of protection from magic
MPRegen  0.45/turn              p - ring of resist corrosion

@: berserk cooldown, slowed, glowing, very slow
A: negative energy resistance 1, electricity resistance, unbreathing,
petrification resistance, rot immunity, AC +8
a: Divine Shield, Cleansing Flame, Summon Divine Warrior, Renounce Religion


You were on level 2 of the Lair of Beasts.
You worshipped the Shining One.
The Shining One was extremely pleased with you.
You visited 2 branches of the dungeon, and saw 12 of its levels.
You also visited: Sewer.

You collected 687 gold pieces.

Inventory:

Hand Weapons
 k - a +2 whip of electrocution (weapon)
Missiles
 b - 62 stones (quivered)
Armour
 a - a +1 pair of gloves (worn)
 c - a +0 robe (worn)
 d - a cursed +0 helmet (worn)
Jewellery
 j - an amulet of magic regeneration (around neck)
 p - a ring of resist corrosion (right hand)
 z - a ring of protection from magic (left hand)
 B - an uncursed amulet of guardian spirit
Wands
 t - a wand of paralysis (3)
 u - a wand of iceblast (16)
 x - a wand of acid (6)
 y - a wand of digging (8)
 F - a wand of flame (26)
Scrolls
 i - 5 scrolls of teleportation
 m - 2 scrolls of identify
 n - 5 scrolls of enchant weapon
 v - 3 scrolls of amnesia
 w - 3 scrolls of fog
 D - a scroll of remove curse
 E - a scroll of magic mapping
Potions
 e - a potion of heal wounds
 f - 2 potions of berserk rage
 g - 2 potions of might
 h - 2 potions of haste
 l - 3 potions of lignification
 o - a potion of brilliance
 q - 4 potions of curing
 s - a potion of resistance


   Skills:
 - Level 7.0 Fighting
 + Level 14.4 Armour
 - Level 1.5 Dodging
 - Level 2.1 Stealth
 - Level 10.0 Spellcasting
 - Level 5.0 Conjurations
 - Level 0.7 Transmutations
 - Level 11.0 Earth Magic


You had 20 spell levels left.
You knew the following spells:

 Your Spells              Type           Power        Failure   Level
a - Sandblast             Erth           ######       1%          1
b - Stone Arrow           Conj/Erth      #####.       1%          3
c - Lee's Rapid Deconstr  Erth           ######....   1%          5
d - Passwall              Tmut/Erth      #####...     1%          2

Your spell library contained the following spells:

 Spells                   Type           Power        Failure   Level
 Animate Skeleton         Necr           ##....       6%          1
 Apportation              Tloc           ##....       6%          1
 Corona                   Hex            ##.....      6%          1
 Summon Small Mammal      Summ           ##..         6%          1
 Petrify                  Tmut/Erth      #####...     6%          4
 Conjure Flame            Conj/Fire      ###.....     7%          3
 Static Discharge         Conj/Air       ###.....     7%          3
 Leda's Liquefaction      Hex/Erth       ####......   7%          4
 Poisonous Vapours        Pois/Air       ##....       10%         2
 Slow                     Hex            ##......     10%         2
 Mephitic Cloud           Conj/Pois/Air  ###.....     10%         3
 Inner Flame              Hex/Fire       ##......     19%         3
 Portal Projectile        Hex/Tloc       ##....       19%         3
 Irradiate                Conj/Tmut      ###.......   50%         5
 Cause Fear               Hex            ##........   54%         4
 Lightning Bolt           Conj/Air       ###.......   54%         5
 Freezing Cloud           Conj/Ice/Air   ###.......   99%         6
 Hydra Form               Tmut           ##........   100%        6
 Dragon Form              Tmut           ##........   100%        7
 Ignition                 Fire           ##........   100%        8
 Shatter                  Erth           ######....   100%        9
 Tornado                  Air            ##........   100%        9
 Statue Form              Tmut/Erth      Unusable     N/A         6

Dungeon Overview and Level Annotations

Branches:
Dungeon (9/15)             Temple (0/1) D:6            Lair (3/6) D:9
    Orc (0/2) D:9           Sewer (visited)
  Swamp: Lair:2-4    Shoals: Lair:2-4     Snake: Lair:2-4    Spider: Lair:2-4

Altars:
Ashenzari
Dithmenos
Fedhas
Gozag
Kikubaaqudgha
Makhleb
Nemelex Xobeh
Qazlal
Uskayaw
Yredelemnul
Zin
The Shining One

Annotations:
Lair:1 exclusion: oklob plant


Innate Abilities, Weirdness & Mutations

You are resistant to torment.
Your stone body is resilient. (AC +8)
You are immune to poison.
You resist negative energy. (rN+)
You are resistant to electric shocks. (rElec)
You can survive without breathing.
You are immune to petrification.
You are immune to rotting.


Message History

The yak gores you but does no damage.
You whack the yak!
The yak is heavily wounded.
The yak completely misses you.
You whack the yak!
The yak is severely wounded.
The yak gores you but does no damage.
You hit the yak.
The yak is almost dead.
You whack the yak!
You kill the yak!
You are no longer berserk.
You are exhausted.
You feel yourself slow down.
You hit the death yak but do no damage. The death yak gores you!
* * * LOW HITPOINT WARNING * * *
You hit the death yak but do no damage. The death yak gores you!
* * * LOW HITPOINT WARNING * * *
The death yak gores you!
You die...

#................#
#...............##
###..#...####...).P#
#.#.###### ##.<...##
##...#P.####........
#.†.)....##......#.
##.......##P.....##
#..###.###.......#
#@## ### ##......#
#Y########.......#
#YY.............##
#Y................
#.................
#.................
#.................
##.................
#...##.#.##.....##.


You could see a death yak and 3 yaks.

Vanquished Creatures
  Gastronok (Lair:2)
  2 hydras
  Fannar (Lair:2)
  5 death yaks (Lair:2)
  2 two-headed ogres
  Urug (Lair:2)
  An ugly thing (D:8)
  Joseph (D:9)
  3 black mambas
  2 cane toads (Lair:2)
  2 rime drakes (Lair:2)
  2 komodo dragons (Lair:1)
  A troll (D:9)
  2 hippogriffs (Lair:2)
  5 yaks (Lair:2)
  A basilisk (Lair:1)
  Edmund (D:5)
  A warg (D:9)
  A water moccasin (Lair:1)
  3 orc warriors
  6 porcupines
  3 sky beasts
  A phantom (D:8)
  2 ice beasts (D:5)
  3 necrophages
  3 centaurs
  5 ogres
  3 crocodiles
  21 wolves
  7 bullfrogs
  6 scorpions
  A water moccasin skeleton (D:8)
  9 killer bees
  4 wights (D:6)
  3 howler monkeys
  A crimson imp (D:6)
  8 hounds
  2 orc priests
  7 orc wizards
  A bullfrog skeleton (D:8)
  3 centaur skeletons
  5 iguanas
  4 hell rats (Lair:1)
  6 worker ants
  2 hound zombies
  A hound skeleton (D:4)
  A howler monkey zombie (D:5)
  3 river rats
  7 adders
  3 gnolls (D:8)
  3 shadow imps
  A white imp (D:5)
  2 ufetubi
  An ooze (D:4)
  2 adder zombies
  3 adder skeletons
  5 worms
  A dart slug (D:5)
  3 leopard geckos (D:5)
  33 orcs
  4 giant cockroaches
  4 goblins
  7 hobgoblins
  8 jackals
  3 quokkas
  2 ball pythons (D:1)
  10 bats
  3 frilled lizards
  2 goblin skeletons (D:6)
  2 hobgoblin zombies (D:6)
  A jackal skeleton (D:7)
  4 kobolds
  A kobold skeleton (D:6)
  4 kobold zombies (D:6)
  An orc skeleton (D:6)
  13 rats
  A fungus (Lair:2)
293 creatures vanquished.

Vanquished Creatures (others)
  5 fungi (Lair:2)
  3 plants (Lair:2)
8 creatures vanquished.

Grand Total: 301 creatures vanquished

Notes
Turn   | Place    | Note
-------+----------+-------------------------------------------
     0 | D:1      | kae the Gargoyle Earth Elementalist began the quest for the
                  | Orb.
     0 | D:1      | Reached XP level 1. HP: 10/10 MP: 3/3
   598 | D:1      | Reached XP level 2. HP: 15/15 MP: 3/5
   898 | D:2      | Reached XP level 3. HP: 19/19 MP: 3/6
   917 | D:2      | Found a sparkling altar of Nemelex Xobeh.
   977 | D:2      | Found a faded altar of an unknown god.
   977 | D:2      | Found a faded altar of an unknown god.
   982 | D:2      | Found an ancient bone altar of Kikubaaqudgha.
   984 | D:2      | Found a burning altar of Makhleb.
   986 | D:2      | Found a stormy altar of Qazlal.
  1206 | D:2      | Became a worshipper of the Shining One
  1206 | D:2      | Reached * piety under the Shining One
  1403 | D:2      | Reached skill level 5 in Earth Magic
  1495 | D:2      | Reached XP level 4. HP: 24/24 MP: 5/8
  2198 | D:4      | Reached XP level 5. HP: 18/28 MP: 7/9
  2434 | D:4      | Noticed a +0 dagger
  2435 | D:4      | Noticed a +0 hand axe
  2437 | D:4      | Found a hide-covered altar of Uskayaw.
  2839 | D:4      | Reached XP level 6. HP: 32/32 MP: 9/11
  2980 | D:5      | Entered Level 5 of the Dungeon
  3017 | D:5      | Learned a level 3 spell: Stone Arrow
  3023 | D:5      | Learned a level 5 spell: Lee's Rapid Deconstruction
  3039 | D:5      | Noticed an ice beast
  3050 | D:5      | Killed an ice beast
  3175 | D:5      | Reached XP level 7. HP: 9/36 MP: 10/13
  3192 | D:5      | Reached ** piety under the Shining One
  3393 | D:5      | Found a blossoming altar of Fedhas.
  3584 | D:5      | Found a glowing drain.
  3588 | Sewer    | Entered a sewer
  3621 | Sewer    | Reached skill level 5 in Spellcasting
  3621 | Sewer    | Reached XP level 8. HP: 26/41 MP: 4/15
  3800 | D:5      | Noticed Edmund
  3810 | D:5      | Killed Edmund
  3927 | D:5      | Reached skill level 10 in Earth Magic
  4239 | D:6      | Found a glowing golden altar of the Shining One.
  4259 | D:6      | Reached *** piety under the Shining One
  4318 | D:6      | Found an opulent altar of Gozag.
  4567 | D:6      | Reached XP level 9. HP: 45/45 MP: 16/18
  4814 | D:6      | Found a staircase to the Ecumenical Temple.
  4879 | D:6      | Found a glowing silver altar of Zin.
  5119 | D:6      | Identified a scroll of acquirement
  5119 | D:6      | Acquired a book of the Tempests
  5124 | D:6      | Learned a level 2 spell: Passwall
  5608 | D:7      | Found a blossoming altar of Fedhas.
  5838 | D:7      | Reached **** piety under the Shining One
  6041 | D:7      | The Shining One protects you from harm!
  6737 | D:8      | Found a basalt altar of Yredelemnul.
  6745 | D:8      | Reached XP level 10. HP: 46/50 MP: 19/23
  6782 | D:8      | Reached skill level 10 in Spellcasting
  6831 | D:8      | Found a shattered altar of Ashenzari.
  6990 | D:8      | Reached skill level 1 in Fighting
  6990 | D:8      | Reached skill level 1 in Conjurations
  7243 | D:8      | Noticed a two-headed ogre
  7247 | D:8      | Killed a two-headed ogre
  7293 | D:8      | Noticed a white ugly thing
  7296 | D:8      | Killed a white ugly thing
  7551 | D:9      | Found a staircase to the Lair.
  7551 | D:9      | Noticed Joseph
  7942 | D:9      | Noticed a two-headed ogre
  7948 | D:9      | Killed a two-headed ogre
  7948 | D:9      | Reached skill level 5 in Conjurations
  8087 | D:9      | Reached skill level 1 in Armour
  8096 | D:9      | Reached ***** piety under the Shining One
  8119 | D:9      | Reached skill level 2 in Armour
  8277 | D:9      | Found a staircase to the Orcish Mines.
  8335 | D:9      | Found a shadowy altar of Dithmenos.
  8355 | D:9      | Reached skill level 3 in Armour
  8355 | D:9      | Reached XP level 11. HP: 67/67 MP: 23/25
  8381 | D:9      | Killed Joseph
  8381 | D:9      | Reached skill level 4 in Armour
  8937 | Lair:1   | Entered Level 1 of the Lair of Beasts
  8940 | Lair:1   | Reached skill level 5 in Armour
  9124 | Lair:1   | Reached skill level 6 in Armour
  9374 | Lair:1   | Noticed an oklob plant
  9465 | Lair:1   | Reached skill level 7 in Armour
  9682 | Lair:1   | Noticed an eight-headed hydra
  9692 | Lair:1   | Killed an eight-headed hydra
  9761 | Lair:1   | Reached skill level 8 in Armour
 10378 | Lair:2   | Reached skill level 9 in Armour
 10411 | Lair:2   | Noticed Gastronok
 10420 | Lair:2   | Killed Gastronok
 10420 | Lair:2   | Reached skill level 10 in Armour
 10735 | Lair:2   | Noticed a death yak
 10736 | Lair:2   | Noticed a death yak
 10919 | Lair:2   | Noticed Urug
 10930 | Lair:2   | Killed Urug
 10930 | Lair:2   | Reached skill level 11 in Armour
 10930 | Lair:2   | Reached XP level 12. HP: 26/72 MP: 4/26
 10935 | Lair:2   | Noticed Fannar
 11397 | Lair:2   | You fall into a shaft and drop 1 floor!
 11480 | Lair:2   | Reached skill level 12 in Armour
 11672 | Lair:2   | Noticed a four-headed hydra
 11679 | Lair:2   | Killed a four-headed hydra
 11824 | Lair:2   | HP: 3/72 [Fannar/bolt of cold (17)]
 11825 | Lair:2   | Killed Fannar
 11825 | Lair:2   | Reached skill level 13 in Armour
 12258 | Lair:2   | Noticed a death yak
 12268 | Lair:2   | Noticed a death yak
 12299 | Lair:2   | Noticed a death yak
 12302 | Lair:2   | Noticed a death yak
 12310 | Lair:2   | Killed a death yak
 12319 | Lair:2   | Killed a death yak
 12330 | Lair:2   | Killed a death yak
 12343 | Lair:2   | Killed a death yak
 12343 | Lair:2   | Reached skill level 14 in Armour
 12350 | Lair:2   | Killed a death yak
 12358 | Lair:2   | HP: 3/72 [death yak (10)]
 12358 | Lair:2   | Mangled by a death yak

Illustrated notes

Levels and vault maps discovered:
D:1:      scummos_arrival_checkerplants, layout_loops_cross
D:2:      layout_basic, nemelex_xobeh_ov_fountains_minmay,
          chequers_temple_overflow_minitemple, st_stairs_4, roderic_malta_cross
D:3:      layout_basic, hex_intersection
D:4:      layout_loops_cross, dancing_weapons_uskayaw, minmay_misc_feat_x,
          minmay_quadrilaterals
D:5:      minmay_diamond_boxcup, layout_basic, nicolae_overflow_crystal_walls,
          gup_sewer_entry_bowl, uniq_edmund
D:6:      layout_cave_pools, nicolae_tso_besieged_by_evil,
          grunt_gozag_breadcrumbs, old_standard_altar,
          minmay_temple_entry_stoned_glass, chequers_jeans,
          kb_lookout_dungeons_type
D:7:      layout_cave_pools, hex_medium, fedhas_bush_and_centaur_altar
D:8:      layout_basic, ashenzari_altar_1, basic_altar
D:9:      layout_irregular_city, lair_entry_dummy, david_orc_3,
          grunt_decor_one_mirror, grunt_dithmenos_shadows, uniq_joseph
Lair:1:   layout_cellular_growth, kennysheep_abandoned_house,
          minmay_lair_oklob_chamber
Lair:2:   layout_regular_city, grunt_megastairs_1, lemuel_fruit_tree, uniq_urug,
          uniq_gastronok, uniq_fannar
Lair:3:   layout_misc_corridors, elwin_shoals_entry_rooms,
          nicolae_spider_entry_tight_spaces, serial_bayou_pond_e,
          grunt_megastairs_4

Skill      XL: |  1  2  3  4  5  6  7  8  9 10 11 12 |
---------------+-------------------------------------+-----
Earth Magic    | 4 5 6 7 9 11 | 11.0
Spellcasting   | 3 4 5 6 9 10 | 10.0
Fighting       | 7 |  7.0
Conjurations   | 5 |  5.0
Armour         | 3 11 14 | 14.4
Dodging        | |  1.5
Stealth        | |  2.1
Transmutations | |  0.7

Action                   |  1- 3 |  4- 6 |  7- 9 | 10-12 || total
-------------------------+-------+-------+-------+-------++-------
Melee: Unarmed           |    21 |       |       |       ||    21
       Whip              |       |    38 |    75 |    81 ||   194
 Cast: Sandblast         |    38 |    41 |   140 |   168 ||   387
       Stone Arrow       |       |       |    28 |   103 ||   131
       Lee's Rapid Decon |       |       |       |    22 ||    22
Evoke: Wand              |       |       |     4 |       ||     4
  Use: Scroll            |       |     9 |    10 |     8 ||    27
       Potion            |       |       |     1 |    10 ||    11
Armor: Robe              |    13 |    15 |    66 |    93 ||   187
       Skin              |       |       |       |    17 ||    17
Dodge: Dodged            |    17 |    32 |    99 |   141 ||   289

Table legend: (Time is in decaauts)
 A = Elapsed time spent in this place.
 B = Non-inter-level travel time spent in this place.
 C = Inter-level travel time spent in this place.
 D = Time resting spent in this place.
 E = Time spent auto-exploring this place.
 F = Levels seen in this place.
 G = Mean time per level.
                   A        B        C        D        E       F      G
               +--------+--------+--------+--------+--------+-----+--------+
         Total |  12380 |  11933 |    447 |   2887 |   7460 |  13 |  952.3 |
       Dungeon |   8763 |   8421 |    342 |   1372 |   5947 |   9 |  973.7 |
          Lair |   3419 |   3315 |    104 |   1402 |   1453 |   3 | 1139.7 |
         Sewer |    197 |    197 |      0 |    113 |     60 |   1 |  197.0 |
               +--------+--------+--------+--------+--------+-----+--------+

Top non-repeatable levels by time:
  Lair:1: 2012 daAuts
  Lair:2: 1402 daAuts
     D:8: 1378 daAuts
     D:7: 1218 daAuts
     D:6: 1190 daAuts
     D:5: 1031 daAuts
     D:9: 961 daAuts
     D:4: 877 daAuts
     D:2: 830 daAuts
     D:1: 751 daAuts
     D:3: 523 daAuts
   Sewer: 197 daAuts
  Lair:3: 4 daAuts
